 Dungeon Crawl Stone Soup version 0.29.1-12-g30fa7ad0bf (webtiles) character file.

Game seed: 14996984194953369407

5503 boopmooplesden the Carver (level 10, 0/91 HPs)
             Began as a Minotaur Berserker on Dec 25, 2022.
             Was an Elder of Trog.
             Slain by a wyvern (14 damage)
             ... on level 9 of the Dungeon.
             The game lasted 00:10:55 (10804 turns).

boopmooplesden the Carver (Minotaur Berserker)     Turns: 10804, Time: 00:10:56

Health: 0/91       AC: 16    Str: 22    XL:     10   Next: 42%
Magic:  9/9        EV:  8    Int:  4    God:    Trog [****..]
Gold:   523        SH:  0    Dex: 14    Spells: 9/9 levels left

rFire   + . .      SeeInvis .   a - +0 falchion
rCold   . . .      Faith    .   (no shield)
rNeg    . . .      Spirit   .   c - +0 plate armour
rPois   .          Reflect  .   (helmet restricted)
rElec   .          Harm     .   (no cloak)
rCorr   .          Rampage  .   l - +0 pair of gloves
Will    .....                   (no boots)
Stlth   ..........              (no amulet)
HPRegen 0.25/turn               g - ring of protection from fire
MPRegen 0.11/turn               (no ring)

@: no status effects
A: horns 2, retaliatory headbutt
a: Renounce Religion, Berserk, Trog's Hand, Brothers in Arms


You were on level 9 of the Dungeon.
You worshipped Trog.
Trog was greatly pleased with you.
You visited 1 branch of the dungeon, and saw 9 of its levels.

You collected 523 gold pieces.

Inventory:

Hand Weapons
 a - a +0 falchion (weapon)
Missiles
 f - a throwing net (quivered)
Armour
 b - a +0 animal skin
 c - a +0 plate armour (worn)
 l - a +0 pair of gloves (worn)
Jewellery
 g - a ring of protection from fire (left hand)
Wands
 q - a wand of paralysis (5)
 s - a wand of polymorph (21)
 u - a wand of roots (7)
Scrolls
 d - 8 scrolls of identify
 m - 3 scrolls of teleportation
 p - 4 scrolls of fear
Potions
 e - 3 potions of brilliance
 h - 2 potions of flight
 i - 2 potions of resistance
 j - 5 potions of curing
 k - a potion of berserk rage
 n - 3 potions of magic
 o - 3 potions of lignification
 r - a potion of mutation {unknown}
 t - a potion of heal wounds {unknown}
 v - a potion of attraction {unknown}


   Skills:
 + Level 9.3 Fighting
 + Level 12.6 Long Blades
 + Level 10.7 Armour
 + Level 3.7 Dodging
 + Level 1.6 Stealth


You had 9 spell levels left.
You didn't know any spells.
Your spell library was empty.

Dungeon Overview and Level Annotations

Branches:
Dungeon (9/15)             Temple (0/1) D:7
   Lair: D:8-11         Orc: D:9-12

Altars:
Kikubaaqudgha
Qazlal
Trog
Vehumet
Wu Jian
Yredelemnul


Innate Abilities, Weirdness & Mutations

You have a pair of horns on your head.
You reflexively headbutt those who attack you in melee.


Message History

The wraith is almost destroyed.
The wyvern barely misses you.
You hit the wraith but do no damage.
The wraith is almost destroyed.
The wraith hits you but does no damage.
The wyvern bites you but does no damage.
You barely miss the wraith.
You headbutt the wraith, but do no damage.
The wraith is almost destroyed.
You hit the wraith but do no damage.
The wraith is almost destroyed.
The wyvern bites you! The wraith closely misses you. You furiously retaliate!
You headbutt the wraith.
The wyvern bites you but does no damage.
You hit the wraith but do no damage.
The wraith is almost destroyed.
The wraith hits you but does no damage.
The wyvern bites you but does no damage.
You hit the wraith but do no damage. You headbutt the wraith.
The wraith is almost destroyed.
The wyvern bites you but does no damage.
You barely miss the wraith.
The wraith is almost destroyed.
The wraith hits you!
You hit the wraith but do no damage. You headbutt the wraith.
You destroy the wraith!
Trog accepts your kill. The wyvern bites you!
* * * LOW HITPOINT WARNING * * *
The wyvern bites you!
* * * LOW HITPOINT WARNING * * *
The wyvern bites you.
* * * LOW HITPOINT WARNING * * *
The wyvern bites you but does no damage.
The wyvern attacks as you move away!
The wyvern bites you but does no damage. x2
You closely miss the wyvern.
The wyvern is lightly wounded.
The wyvern bites you!
You die...

#.#### # #.# #.#
#.# #.# . #.# #.# #
#)# #.# #### #.#
#.# ... #.# #.###.#
#.#######.....###.#
#..........l@.....#
############..#####
#..# #..# #..# #...
#.### #.#


You could see a wyvern.

Vanquished Creatures
  Joseph (D:8)
  The ghost of xzight the Magician, a novice DjTm (D:4)
  Prince Ribbit (D:8)
  7 yaks
  A wraith (D:9)
  2 steam dragons (D:8)
  A water moccasin (D:8)
  3 orc warriors
  2 sky beasts (D:7)
  A black bear (D:8)
  An ice beast (D:6)
  2 centaurs
  2 phantoms (D:6)
  3 kobold brigands
  2 bullfrogs
  A necrophage (D:7)
  4 gnoll sergeants
  A scorpion (D:6)
  5 wights (D:7)
  A wyvern skeleton (D:4)
  A water moccasin skeleton (D:4)
  A centaur zombie (D:4)
  5 hounds
  4 orc priests
  4 jellies
  Terence (D:3)
  5 iguanas
  9 orc wizards
  15 gnolls
  8 adders
  2 shadow imps (D:5)
  3 white imps
  4 worms
  2 dart slugs
  27 orcs
  8 endoplasms
  2 giant cockroaches (D:1)
  7 goblins
  8 hobgoblins
  19 kobolds
  2 quokkas
  8 ball pythons
  9 bats
  5 frilled lizards
  6 rats
207 creatures vanquished.

Vanquished Creatures (others)
  3 orcs (D:8)
3 creatures vanquished.

Grand Total: 210 creatures vanquished

Notes
Turn   | Place    | Note
-------+----------+-------------------------------------------
     0 | D:1      | boopmooplesden the Minotaur Berserker began the quest for
                  | the Orb.
     0 | D:1      | Reached XP level 1. HP: 19/19 MP: 0/0
   198 | D:1      | Found a faded altar of an unknown god.
   270 | D:1      | Reached XP level 2. HP: 12/27 MP: 1/1
   452 | D:1      | Reached skill level 4 in Long Blades
  1305 | D:1      | Reached XP level 3. HP: 32/34 MP: 2/2
  2119 | D:2      | Reached ** piety under Trog
  2623 | D:3      | Reached skill level 1 in Stealth
  2657 | D:3      | Reached XP level 4. HP: 41/41 MP: 3/3
  2703 | D:3      | Noticed a kobold brigand
  2710 | D:3      | Killed a kobold brigand
  2711 | D:3      | Reached skill level 5 in Long Blades
  2711 | D:3      | Reached XP level 5. HP: 47/47 MP: 4/4
  3328 | D:3      | Noticed Terence
  3336 | D:3      | Killed Terence
  3337 | D:3      | Reached skill level 6 in Long Blades
  3337 | D:3      | Reached XP level 6. HP: 51/55 MP: 5/5
  3430 | D:3      | Found an ornate altar of the Wu Jian Council.
  3560 | D:4      | Noticed xzight's ghost (novice DjTm)
  3560 | D:4      | Found a transporter.
  3560 | D:4      | Found a transporter.
  3719 | D:4      | Reached skill level 5 in Fighting
  3983 | D:4      | Identified the +1 chain mail "Ipsuteni" {Regen+ Str+3}
  4744 | D:5      | Entered Level 5 of the Dungeon
  4773 | D:5      | Reached XP level 7. HP: 44/44 MP: 6/6
  4881 | D:5      | Reached skill level 7 in Long Blades
  5045 | D:5      | Reached *** piety under Trog
  5308 | D:5      | Reached skill level 5 in Armour
  5759 | D:5      | Reached skill level 8 in Long Blades
  6166 | D:6      | Reached XP level 8. HP: 52/70 MP: 7/7
  6611 | D:6      | Found an ancient bone altar of Kikubaaqudgha.
  6677 | D:6      | Reached skill level 9 in Long Blades
  6950 | D:4      | Killed xzight's ghost
  7094 | D:7      | Reached skill level 10 in Long Blades
  7309 | D:7      | Found a staircase to the Ecumenical Temple.
  7347 | D:7      | Reached XP level 9. HP: 78/78 MP: 8/8
  7809 | D:7      | Found a bloodstained altar of Trog.
  7813 | D:7      | Found a basalt altar of Yredelemnul.
  7826 | D:7      | Found a radiant altar of Vehumet.
  8095 | D:7      | Reached skill level 11 in Long Blades
  8390 | D:8      | Found a stormy altar of Qazlal.
  8392 | D:8      | Noticed Joseph
  8408 | D:8      | Killed Joseph
  8475 | D:8      | Reached **** piety under Trog
  8833 | D:8      | Noticed Prince Ribbit
  8860 | D:8      | Killed Prince Ribbit
  8880 | D:8      | Reached skill level 12 in Long Blades
  9251 | D:8      | Reached XP level 10. HP: 74/89 MP: 9/9
  9852 | D:9      | Reached skill level 10 in Armour
 10804 | D:9      | Slain by a wyvern

Illustrated notes

Levels and vault maps discovered:
D:1:      saegor_arrival_under_anarchy, layout_basic,
          shapermc_ecumenical_altar_mp_highgroup, nicolae_wormholes
D:2:      layout_basic
D:3:      layout_loops_ring, pdpol_wu_jian_five_deadly_venoms, uniq_terence
D:4:      dreamdust_elfheim, layout_cave_pools, gammafunk_ghost_mausoleum,
          lightli_minifort
D:5:      layout_basic, minmay_misc_feat_pillars, minmay_fractal_squares_5
D:6:      layout_basic, general_overflow_altar
D:7:      layout_cave_pools, grunt_temple_overflow_open,
          minmay_temple_entry_ruins, nicolae_water_bricks
D:8:      layout_basic, grunt_qazlal_clouds, uniq_joseph, uniq_prince_ribbit1
D:9:      layout_loops_ring

Skill      XL: |  1  2  3  4  5  6  7  8  9 10 |
---------------+-------------------------------+-----
Long Blades    | 4 5 6 8 10 12 | 12.6
Fighting       | 4 5 6 7 8 9 |  9.3
Stealth        | 1 |  1.6
Dodging        | 3 |  3.7
Armour         | 3 4 5 7 9 10 | 10.7

Action                   |  1- 3 |  4- 6 |  7- 9 | 10-12 || total
-------------------------+-------+-------+-------+-------++-------
Melee: Falchion          |   110 |   165 |   335 |   157 ||   767
       Headbutt          |    16 |    31 |    73 |    36 ||   156
       Punch             |       |     2 |     5 |     4 ||    11
Invok: Berserk           |       |     3 |     9 |     3 ||    15
       Trog's Hand       |       |       |       |     1 ||     1
  Use: Scroll            |     4 |     2 |     9 |     3 ||    18
       Potion            |       |       |       |     1 ||     1
 Stab: Sleeping          |     1 |       |       |       ||     1
Armor: Animal skin       |     8 |       |       |       ||     8
       Plate armour      |    26 |   122 |   229 |    97 ||   474
Dodge: Dodged            |    67 |    48 |   162 |    57 ||   334
